[ AOE2 MATCH · #476061145 ]
UnrankedSpanish vs Berbers
[ REPLAY ANALYSIS · EXTRACTED FROM THE RECORDED GAME ]
Feudal
14:29
Castle
19:27
Imperial
—
| APM avg | 37.2 |
| APM peak | 78 |
| eAPM avg | 12.7 |
| Villagers / military | 131 / 53 |
Focus
⚔️ 20.3% · 🌾 79.7%
Conquistador ×28 · Scout Cavalry ×24 · Fishing Ship ×7 · Mangonel ×1
Feudal
12:43
Castle
16:45
Imperial
—
| APM avg | 27.3 |
| APM peak | 53 |
| eAPM avg | 13.1 |
| Villagers / military | 58 / 53 |
Focus
⚔️ 43.0% · 🌾 57.0%
War Wagon ×48 · Fishing Ship ×5 · Scorpion ×3 · Iron Pagoda ×2
Feudal
13:22
Castle
17:17
Imperial
36:42
| APM avg | 41.0 |
| APM peak | 99 |
| eAPM avg | 19.5 |
| Villagers / military | 112 / 160 |
Focus
⚔️ 42.4% · 🌾 57.6%
Camel Archer ×152 · Fishing Ship ×10 · Unknown (2626) ×9 · Trebuchet (Packed) ×5 · Fire Galley ×3
Feudal
13:58
Castle
18:05
Imperial
46:10
| APM avg | 28.9 |
| APM peak | 71 |
| eAPM avg | 16.1 |
| Villagers / military | 174 / 102 |
Focus
⚔️ 27.1% · 🌾 72.9%
Mangudai ×64 · Skirmisher ×22 · Archer ×16 · Fishing Ship ×7
Feudal
11:46
Castle
19:01
Imperial
35:56
| APM avg | 37.7 |
| APM peak | 115 |
| eAPM avg | 21.1 |
| Villagers / military | 162 / 179 |
Focus
⚔️ 48.3% · 🌾 51.7%
Steppe Lancer ×164 · Unknown (2626) ×13 · Fishing Ship ×9 · Fire Galley ×8 · Unknown (1923) ×6 · Trebuchet (Packed) ×6
Feudal
13:09
Castle
20:24
Imperial
34:21
| APM avg | 53.2 |
| APM peak | 328 |
| eAPM avg | 39.2 |
| Villagers / military | 212 / 23 |
Focus
⚔️ 38.8% · 🌾 61.2%
Unknown (1949) ×259 · Fishing Ship ×31 · Galley ×20 · Unknown (1942) ×12 · Unknown (2626) ×6 · Fire Galley ×3
Match map
Initial resources + every placement click. Lines = walls · curves = elevation contours. ◆ gold · ⬟ stone · ● berries · ✦ relic · ◌ wall gap
Your base· Open — 8t gap
[BERBA] OPENGEIGER's base· Open — 14t gap
Lharien's base· Open — unwalled flank
since1783's base· Open — 8t gap
[BERBA] Breakthrough!'s base· Open — 9t gap
Murador's base· Open — 5t gap
Smoothed initial terrain · ◌ = detected wall gap · hover for details
Inputs per minute
— [BERBA] Biraktyr - - [BERBA] OPENGEIGER
Build order — [BERBA] Biraktyr
First 150 of 301 actions detected
| 1:10 | Build | Town Center |
| 1:25 | Build | Dock |
| 1:31 | Build | House |
| 3:40 | Create | Villager (Male) |
| 3:40 | Create | Villager (Male) |
| 3:41 | Create | Villager (Male) |
| 3:41 | Create | Villager (Male) |
| 4:50 | Create | Villager (Male) |
| 5:12 | Create | Fishing Ship |
| 6:05 | Create | Fishing Ship |
| 6:06 | Create | Fishing Ship |
| 6:50 | Research | Loom |
| 6:58 | Build | House |
| 7:07 | Create | Villager (Male) |
| 7:18 | Build | House |
| 7:19 | Create | Villager (Male) |
| 8:07 | Create | Villager (Male) |
| 8:07 | Create | Villager (Male) |
| 8:07 | Create | Villager (Male) |
| 8:07 | Create | Villager (Male) |
| 8:55 | Create | Villager (Male) |
| 8:56 | Create | Villager (Male) |
| 8:57 | Create | Villager (Male) |
| 8:59 | Create | Fishing Ship |
| 9:47 | Build | House |
| 10:00 | Create | Fishing Ship |
| 10:02 | Create | Villager (Male) |
| 10:34 | Create | Villager (Male) |
| 11:14 | Build | Mining Camp |
| 11:24 | Create | Villager (Male) |
| 11:27 | Create | Villager (Male) |
| 11:37 | Research | Feudal Age |
| 12:12 | Build | Mining Camp |
| 14:03 | Create | Villager (Male) |
| 14:03 | Create | Villager (Male) |
| 14:18 | Build | House |
| 14:29 | Age | Feudal Age |
| 14:32 | Build | Blacksmith |
| 14:45 | Build | Mill |
| 15:18 | Build | Market |
| 15:24 | Create | Villager (Male) |
| 15:25 | Create | Villager (Male) |
| 15:57 | Build | Farm |
| 16:00 | Build | Farm |
| 16:03 | Build | Farm |
| 16:06 | Build | Farm |
| 16:47 | Research | Castle Age |
| 17:10 | Build | Lumber Camp |
| 18:03 | Build | House |
| 18:03 | Build | House |
| 18:05 | Research | Padded Archer Armor |
| 18:09 | Research | Double-Bit Axe |
| 18:40 | Create | Villager (Male) |
| 18:41 | Create | Villager (Male) |
| 18:48 | Build | Farm |
| 19:27 | Age | Castle Age |
| 19:32 | Build | Castle |
| 19:33 | Research | Leather Archer Armor |
| 19:34 | Research | Fletching |
| 19:37 | Research | Wheelbarrow |
| 19:49 | Research | Bow Saw |
| 20:38 | Research | Horse Collar |
| 20:40 | Create | Villager (Male) |
| 20:59 | Build | Farm |
| 21:04 | Create | Conquistador |
| 21:05 | Create | Conquistador |
| 21:10 | Create | Villager (Male) |
| 21:25 | Build | Farm |
| 21:39 | Create | Conquistador |
| 21:44 | Create | Villager (Male) |
| 22:04 | Build | Farm |
| 22:08 | Build | Farm |
| 22:09 | Create | Villager (Male) |
| 22:10 | Create | Conquistador |
| 22:20 | Build | House |
| 22:21 | Build | House |
| 22:31 | Create | Conquistador |
| 22:32 | Create | Villager (Male) |
| 23:26 | Create | Villager (Male) |
| 23:26 | Create | Villager (Male) |
| 23:28 | Create | Conquistador |
| 23:28 | Create | Conquistador |
| 23:53 | Create | Conquistador |
| 23:53 | Create | Villager (Male) |
| 23:59 | Research | Tech 906 |
| 24:01 | Create | Fishing Ship |
| 24:02 | Create | Fishing Ship |
| 24:16 | Create | Conquistador |
| 24:19 | Create | Villager (Male) |
| 24:43 | Create | Villager (Male) |
| 25:02 | Build | Siege Workshop |
| 26:10 | Create | Conquistador |
| 26:10 | Create | Conquistador |
| 26:11 | Create | Conquistador |
| 26:11 | Create | Villager (Male) |
| 26:11 | Create | Villager (Male) |
| 26:25 | Build | Castle |
| 26:45 | Create | Conquistador |
| 26:55 | Research | Bodkin Arrow |
| 26:58 | Research | Scale Barding Armor |
| 27:05 | Create | Conquistador |
| 27:06 | Create | Villager (Male) |
| 27:06 | Create | Villager (Male) |
| 27:09 | Build | Farm |
| 27:10 | Build | Farm |
| 27:16 | Create | Villager (Male) |
| 27:37 | Create | Conquistador |
| 28:15 | Create | Conquistador |
| 28:15 | Create | Conquistador |
| 28:18 | Create | Conquistador |
| 28:23 | Create | Villager (Male) |
| 28:29 | Build | Farm |
| 28:29 | Build | Farm |
| 28:29 | Build | Farm |
| 28:30 | Build | Farm |
| 28:30 | Build | Farm |
| 28:30 | Build | Farm |
| 28:58 | Research | Heavy Plow |
| 29:00 | Create | Villager (Male) |
| 29:01 | Create | Villager (Male) |
| 29:24 | Build | Barracks |
| 29:40 | Create | Villager (Male) |
| 29:41 | Create | Villager (Male) |
| 30:03 | Create | Mangonel |
| 30:16 | Create | Villager (Male) |
| 30:38 | Build | Town Center |
| 31:02 | Create | Conquistador |
| 31:03 | Create | Villager (Male) |
| 31:03 | Create | Villager (Male) |
| 31:27 | Build | Stable |
| 32:13 | Create | Conquistador |
| 32:14 | Create | Conquistador |
| 32:15 | Create | Villager (Male) |
| 32:40 | Build | Town Center |
| 32:46 | Create | Villager (Male) |
| 32:46 | Create | Villager (Male) |
| 33:03 | Create | Conquistador |
| 33:45 | Create | Villager (Male) |
| 33:46 | Create | Villager (Male) |
| 34:00 | Create | Villager (Male) |
| 34:01 | Create | Villager (Male) |
| 34:08 | Build | Farm |
| 34:23 | Create | Villager (Male) |
| 35:03 | Create | Villager (Male) |
| 35:03 | Create | Villager (Male) |
| 35:04 | Create | Villager (Male) |
| 35:05 | Create | Villager (Male) |
| 35:28 | Build | Farm |
| 35:28 | Build | Farm |
| 35:30 | Build | Farm |
Build order — [BERBA] OPENGEIGER
First 150 of 178 actions detected
| 0:11 | Build | Town Center |
| 1:21 | Build | Dock |
| 1:23 | Build | House |
| 2:31 | Create | Villager (Male) |
| 2:31 | Create | Villager (Male) |
| 2:32 | Create | Villager (Male) |
| 2:32 | Create | Villager (Male) |
| 3:41 | Create | Fishing Ship |
| 4:11 | Research | Loom |
| 4:32 | Build | House |
| 4:43 | Create | Villager (Male) |
| 4:51 | Build | House |
| 5:02 | Create | Villager (Male) |
| 5:21 | Create | Fishing Ship |
| 5:31 | Create | Villager (Male) |
| 5:31 | Create | Villager (Male) |
| 5:58 | Create | Villager (Male) |
| 6:15 | Create | Villager (Male) |
| 6:33 | Build | House |
| 6:39 | Create | Villager (Male) |
| 6:51 | Create | Villager (Male) |
| 7:08 | Create | Fishing Ship |
| 7:15 | Create | Villager (Male) |
| 7:49 | Create | Villager (Male) |
| 7:56 | Build | House |
| 8:17 | Create | Villager (Male) |
| 8:39 | Create | Fishing Ship |
| 8:48 | Create | Villager (Male) |
| 9:09 | Create | Villager (Male) |
| 9:22 | Build | Mill |
| 9:28 | Build | House |
| 9:37 | Create | Villager (Male) |
| 9:54 | Create | Villager (Male) |
| 10:17 | Build | House |
| 10:33 | Research | Feudal Age |
| 10:33 | Research | Feudal Age |
| 10:57 | Build | Mining Camp |
| 11:47 | Build | House |
| 12:32 | Create | Villager (Male) |
| 12:43 | Age | Feudal Age |
| 12:50 | Build | Market |
| 13:05 | Create | Villager (Male) |
| 13:27 | Build | Blacksmith |
| 13:34 | Create | Villager (Male) |
| 14:05 | Research | Castle Age |
| 14:11 | Build | Mining Camp |
| 15:10 | Research | Fletching |
| 15:15 | Build | House |
| 16:23 | Create | Fishing Ship |
| 16:38 | Create | Villager (Male) |
| 16:45 | Age | Castle Age |
| 16:58 | Build | Castle |
| 17:00 | Create | Villager (Male) |
| 17:52 | Create | Villager (Male) |
| 17:53 | Research | Bodkin Arrow |
| 17:56 | Create | War Wagon |
| 17:56 | Create | War Wagon |
| 18:07 | Build | Lumber Camp |
| 18:11 | Create | War Wagon |
| 18:25 | Create | Villager (Male) |
| 18:39 | Build | House |
| 18:42 | Build | House |
| 18:52 | Create | War Wagon |
| 18:55 | Create | Villager (Male) |
| 19:25 | Create | War Wagon |
| 19:26 | Create | Villager (Male) |
| 19:58 | Create | War Wagon |
| 20:26 | Create | Villager (Male) |
| 21:01 | Create | War Wagon |
| 21:06 | Build | Farm |
| 21:25 | Create | War Wagon |
| 21:25 | Create | Villager (Male) |
| 22:09 | Create | Villager (Male) |
| 22:10 | Create | War Wagon |
| 22:33 | Build | Castle |
| 22:41 | Create | War Wagon |
| 22:44 | Build | Farm |
| 22:48 | Create | Villager (Male) |
| 22:56 | Build | Farm |
| 22:58 | Build | Farm |
| 22:59 | Create | Villager (Male) |
| 23:33 | Create | Villager (Male) |
| 23:34 | Build | Farm |
| 24:08 | Build | Lumber Camp |
| 24:32 | Create | Villager (Male) |
| 24:54 | Build | Siege Workshop |
| 24:59 | Create | War Wagon |
| 25:00 | Create | War Wagon |
| 25:00 | Create | Villager (Male) |
| 25:13 | Build | Mining Camp |
| 25:40 | Create | Scorpion |
| 25:41 | Create | Scorpion |
| 26:25 | Create | Scorpion |
| 26:34 | Create | War Wagon |
| 26:35 | Create | War Wagon |
| 27:05 | Create | War Wagon |
| 27:05 | Create | Villager (Male) |
| 28:10 | Create | Villager (Male) |
| 28:11 | Create | Iron Pagoda |
| 28:26 | Create | Villager (Male) |
| 28:28 | Build | Farm |
| 28:44 | Create | Villager (Male) |
| 29:42 | Create | Villager (Male) |
| 29:50 | Build | Town Center |
| 30:04 | Create | Villager (Male) |
| 30:12 | Build | Farm |
| 30:14 | Build | Farm |
| 30:26 | Create | Villager (Male) |
| 30:41 | Create | Iron Pagoda |
| 31:11 | Create | Villager (Male) |
| 31:36 | Create | Villager (Male) |
| 32:04 | Create | War Wagon |
| 32:04 | Create | War Wagon |
| 32:13 | Build | Farm |
| 32:14 | Build | Farm |
| 32:36 | Create | War Wagon |
| 32:42 | Create | Villager (Male) |
| 32:44 | Build | Farm |
| 32:56 | Create | War Wagon |
| 33:14 | Create | War Wagon |
| 33:54 | Create | Villager (Male) |
| 33:58 | Create | Villager (Male) |
| 34:08 | Create | War Wagon |
| 34:08 | Create | War Wagon |
| 34:08 | Create | War Wagon |
| 34:31 | Create | Villager (Male) |
| 34:38 | Create | War Wagon |
| 35:06 | Create | War Wagon |
| 35:07 | Create | War Wagon |
| 35:16 | Create | Villager (Male) |
| 35:28 | Create | War Wagon |
| 35:28 | Create | War Wagon |
| 35:45 | Create | War Wagon |
| 35:45 | Create | War Wagon |
| 35:46 | Create | War Wagon |
| 35:47 | Create | Villager (Male) |
| 36:11 | Create | War Wagon |
| 36:11 | Create | War Wagon |
| 36:12 | Create | Villager (Male) |
| 36:16 | Build | Farm |
| 36:47 | Create | Villager (Male) |
| 36:59 | Create | War Wagon |
| 36:59 | Create | War Wagon |
| 37:16 | Create | Villager (Male) |
| 37:17 | Create | War Wagon |
| 37:17 | Create | War Wagon |
| 37:38 | Create | Villager (Male) |
| 37:55 | Create | War Wagon |
| 37:56 | Create | War Wagon |
| 37:56 | Create | War Wagon |
Build order — Lharien
First 150 of 443 actions detected
| 0:06 | Build | Town Center |
| 0:31 | Build | Dock |
| 0:35 | Build | House |
| 0:42 | Build | Palisade Wall |
| 0:42 | Build | Palisade Wall |
| 2:25 | Create | Villager (Male) |
| 2:25 | Create | Villager (Male) |
| 2:25 | Create | Villager (Male) |
| 2:26 | Create | Villager (Male) |
| 3:40 | Create | Fishing Ship |
| 3:52 | Create | Villager (Male) |
| 4:21 | Build | House |
| 4:27 | Create | Villager (Male) |
| 4:57 | Create | Villager (Male) |
| 5:18 | Create | Villager (Male) |
| 5:39 | Create | Fishing Ship |
| 5:43 | Create | Villager (Male) |
| 5:47 | Build | House |
| 6:11 | Create | Villager (Male) |
| 6:23 | Create | Fishing Ship |
| 6:31 | Create | Villager (Male) |
| 6:51 | Build | House |
| 6:54 | Create | Villager (Male) |
| 7:04 | Create | Fishing Ship |
| 7:23 | Create | Villager (Male) |
| 7:36 | Build | House |
| 7:36 | Create | Villager (Male) |
| 7:38 | Create | Fishing Ship |
| 7:55 | Build | House |
| 8:03 | Create | Villager (Male) |
| 8:13 | Create | Fishing Ship |
| 8:23 | Create | Villager (Male) |
| 8:24 | Create | Villager (Male) |
| 8:37 | Build | House |
| 8:46 | Create | Fishing Ship |
| 8:53 | Build | House |
| 9:04 | Create | Villager (Male) |
| 9:19 | Build | Lumber Camp |
| 9:22 | Create | Villager (Male) |
| 9:51 | Build | Mining Camp |
| 10:07 | Create | Fishing Ship |
| 10:12 | Create | Villager (Male) |
| 10:40 | Research | Loom |
| 10:50 | Research | Feudal Age |
| 11:04 | Build | Mill |
| 11:22 | Build | House |
| 11:44 | Build | Dock |
| 11:46 | Create | Fishing Ship |
| 12:12 | Build | Palisade Wall |
| 12:14 | Build | Palisade Wall |
| 12:19 | Build | Palisade Wall |
| 12:23 | Build | Palisade Wall |
| 12:24 | Build | Palisade Wall |
| 12:52 | Build | Palisade Wall |
| 12:58 | Build | Palisade Wall |
| 13:01 | Create | Villager (Male) |
| 13:01 | Create | Villager (Male) |
| 13:22 | Age | Feudal Age |
| 13:28 | Build | Market |
| 13:38 | Build | Blacksmith |
| 13:54 | Research | Town Watch |
| 14:10 | Research | Double-Bit Axe |
| 14:26 | Research | Castle Age |
| 14:29 | Build | House |
| 14:33 | Build | Palisade Wall |
| 14:50 | Build | Mining Camp |
| 15:20 | Research | Stone Mining |
| 15:44 | Create | Unit 2626 |
| 15:44 | Create | Unit 2626 |
| 15:55 | Research | Fletching |
| 15:58 | Research | Gold Mining |
| 16:26 | Build | Outpost |
| 16:31 | Create | Unit 2626 |
| 16:48 | Create | Villager (Male) |
| 16:52 | Create | Unit 2626 |
| 17:17 | Create | Unit 2626 |
| 17:17 | Age | Castle Age |
| 17:25 | Research | War Galley (upgrade) |
| 17:30 | Create | Villager (Male) |
| 17:43 | Build | Castle |
| 17:47 | Research | Bow Saw |
| 17:48 | Create | Villager (Male) |
| 17:55 | Research | Bodkin Arrow |
| 18:18 | Create | Villager (Male) |
| 18:25 | Create | Unit 2626 |
| 18:31 | Create | Unit 2626 |
| 18:58 | Research | Wheelbarrow |
| 19:21 | Create | Unit 2626 |
| 19:22 | Create | Unit 2626 |
| 19:41 | Build | House |
| 19:44 | Create | Camel Archer |
| 19:45 | Create | Camel Archer |
| 19:49 | Create | Villager (Male) |
| 20:07 | Create | Fire Galley |
| 20:08 | Create | Fire Galley |
| 20:30 | Create | Camel Archer |
| 20:38 | Create | Villager (Male) |
| 20:47 | Build | House |
| 20:49 | Create | Villager (Male) |
| 20:51 | Create | Camel Archer |
| 20:56 | Build | University |
| 21:06 | Create | Villager (Male) |
| 21:08 | Create | Camel Archer |
| 21:26 | Build | House |
| 21:30 | Create | Fire Galley |
| 21:38 | Create | Camel Archer |
| 21:40 | Create | Villager (Male) |
| 21:41 | Create | Villager (Male) |
| 21:51 | Create | Camel Archer |
| 21:55 | Research | Padded Archer Armor |
| 22:10 | Create | Villager (Male) |
| 22:35 | Research | Ballistics |
| 22:37 | Create | Villager (Male) |
| 22:45 | Create | Camel Archer |
| 22:52 | Create | Camel Archer |
| 23:07 | Create | Villager (Male) |
| 23:12 | Create | Camel Archer |
| 23:36 | Create | Camel Archer |
| 23:45 | Build | Town Center |
| 23:48 | Create | Villager (Male) |
| 23:53 | Create | Camel Archer |
| 23:56 | Create | Villager (Male) |
| 24:19 | Build | Barracks |
| 24:26 | Create | Villager (Male) |
| 24:39 | Create | Villager (Male) |
| 24:53 | Create | Camel Archer |
| 24:58 | Create | Villager (Male) |
| 25:06 | Create | Camel Archer |
| 25:40 | Create | Villager (Male) |
| 25:40 | Create | Villager (Male) |
| 25:44 | Build | Stable |
| 26:19 | Create | Villager (Male) |
| 26:19 | Research | Hand Cart |
| 26:20 | Create | Camel Archer |
| 26:20 | Create | Camel Archer |
| 26:31 | Create | Villager (Male) |
| 26:31 | Create | Camel Archer |
| 26:36 | Build | Town Center |
| 26:58 | Create | Villager (Male) |
| 26:59 | Create | Camel Archer |
| 26:59 | Create | Camel Archer |
| 27:09 | Research | Bloodlines |
| 27:13 | Create | Camel Archer |
| 27:14 | Create | Villager (Male) |
| 27:33 | Create | Villager (Male) |
| 27:33 | Create | Villager (Male) |
| 27:41 | Create | Camel Archer |
| 28:07 | Create | Villager (Male) |
| 28:09 | Create | Camel Archer |
| 28:09 | Create | Camel Archer |
Build order — since1783
First 150 of 356 actions detected
| 0:38 | Build | Town Center |
| 1:33 | Build | Dock |
| 1:35 | Build | House |
| 2:53 | Create | Villager (Male) |
| 2:54 | Create | Villager (Male) |
| 2:55 | Create | Villager (Male) |
| 2:55 | Create | Villager (Male) |
| 4:22 | Create | Fishing Ship |
| 4:23 | Create | Villager (Male) |
| 4:51 | Create | Villager (Male) |
| 5:00 | Build | House |
| 5:15 | Create | Villager (Male) |
| 5:21 | Research | Loom |
| 5:27 | Create | Villager (Male) |
| 5:34 | Research | Loom |
| 5:47 | Create | Villager (Male) |
| 5:47 | Create | Villager (Male) |
| 6:21 | Create | Fishing Ship |
| 6:38 | Create | Villager (Male) |
| 6:39 | Create | Villager (Male) |
| 6:44 | Create | Fishing Ship |
| 6:57 | Build | House |
| 6:59 | Create | Villager (Male) |
| 7:13 | Research | Loom |
| 7:14 | Create | Villager (Male) |
| 7:15 | Create | Villager (Male) |
| 7:18 | Create | Fishing Ship |
| 7:26 | Build | House |
| 7:35 | Create | Villager (Male) |
| 7:35 | Create | Villager (Male) |
| 7:53 | Create | Fishing Ship |
| 8:17 | Build | Mill |
| 8:53 | Create | Villager (Male) |
| 8:54 | Create | Fishing Ship |
| 8:59 | Build | House |
| 9:29 | Create | Villager (Male) |
| 9:29 | Create | Villager (Male) |
| 9:32 | Build | Lumber Camp |
| 9:44 | Create | Villager (Male) |
| 9:46 | Create | Villager (Male) |
| 9:59 | Build | House |
| 10:04 | Create | Villager (Male) |
| 10:24 | Build | Mill |
| 11:14 | Build | Mining Camp |
| 11:23 | Create | Fishing Ship |
| 11:48 | Research | Feudal Age |
| 12:07 | Build | Palisade Wall |
| 12:09 | Build | Palisade Wall |
| 12:10 | Build | Palisade Wall |
| 12:18 | Build | House |
| 12:20 | Create | Villager (Male) |
| 12:31 | Build | Barracks |
| 13:14 | Build | House |
| 13:58 | Age | Feudal Age |
| 14:05 | Build | Archery Range |
| 14:10 | Build | Archery Range |
| 14:23 | Build | Blacksmith |
| 14:29 | Research | Town Watch |
| 15:25 | Research | Castle Age |
| 15:36 | Create | Archer |
| 15:44 | Build | Archery Range |
| 16:11 | Create | Archer |
| 16:53 | Research | Fletching |
| 16:54 | Create | Villager (Male) |
| 16:54 | Create | Villager (Male) |
| 17:23 | Create | Archer |
| 17:59 | Create | Archer |
| 18:00 | Create | Archer |
| 18:01 | Create | Villager (Male) |
| 18:02 | Create | Villager (Male) |
| 18:05 | Age | Castle Age |
| 18:21 | Build | Market |
| 18:24 | Create | Villager (Male) |
| 18:25 | Create | Archer |
| 18:25 | Create | Archer |
| 18:25 | Create | Archer |
| 18:51 | Research | Bodkin Arrow |
| 19:08 | Research | Crossbowman (upgrade) |
| 19:11 | Create | Archer ×2 |
| 19:43 | Create | Villager (Male) |
| 19:44 | Create | Villager (Male) |
| 19:50 | Create | Archer |
| 19:50 | Create | Archer |
| 19:51 | Create | Archer |
| 19:58 | Create | Skirmisher |
| 19:59 | Create | Skirmisher |
| 20:39 | Build | House |
| 20:40 | Build | House |
| 20:40 | Build | House |
| 20:41 | Build | House |
| 20:41 | Build | House |
| 20:41 | Build | House |
| 21:02 | Create | Archer |
| 21:02 | Create | Archer |
| 21:17 | Research | Elite Skirmisher (upgrade) |
| 21:18 | Create | Skirmisher ×5 |
| 21:37 | Create | Skirmisher |
| 21:54 | Create | Skirmisher ×2 |
| 22:26 | Create | Skirmisher |
| 22:27 | Create | Villager (Male) ×5 |
| 23:31 | Build | University |
| 23:43 | Create | Archer |
| 24:07 | Research | Padded Archer Armor |
| 24:08 | Research | Padded Archer Armor |
| 24:10 | Create | Villager (Male) |
| 24:10 | Create | Villager (Male) |
| 24:10 | Create | Villager (Male) |
| 24:34 | Create | Skirmisher ×4 |
| 24:55 | Create | Villager (Male) |
| 25:09 | Build | Lumber Camp |
| 25:21 | Create | Skirmisher |
| 25:21 | Create | Skirmisher |
| 25:58 | Create | Villager (Male) |
| 25:58 | Create | Villager (Male) |
| 26:26 | Create | Skirmisher |
| 26:30 | Create | Skirmisher |
| 26:31 | Create | Skirmisher |
| 26:31 | Create | Skirmisher |
| 26:31 | Create | Skirmisher |
| 27:24 | Build | Town Center |
| 28:18 | Build | Mill |
| 28:36 | Build | Mining Camp |
| 28:51 | Create | Villager (Male) |
| 28:52 | Create | Villager (Male) |
| 28:52 | Create | Villager (Male) |
| 28:52 | Create | Villager (Male) |
| 28:52 | Create | Villager (Male) |
| 30:05 | Build | House |
| 30:06 | Build | House |
| 30:06 | Build | House |
| 30:06 | Build | House |
| 30:16 | Research | Wheelbarrow |
| 30:18 | Create | Villager (Male) ×5 |
| 30:29 | Create | Villager (Male) |
| 30:59 | Build | Town Center |
| 31:11 | Build | House |
| 31:11 | Build | House |
| 31:11 | Build | House |
| 31:11 | Build | House |
| 31:12 | Build | House |
| 31:28 | Build | House |
| 31:30 | Build | House |
| 31:30 | Build | House |
| 31:31 | Build | House |
| 32:10 | Create | Villager (Male) ×5 |
| 32:10 | Create | Villager (Male) ×4 |
| 32:43 | Build | Lumber Camp |
| 33:10 | Create | Villager (Male) ×2 |
| 33:22 | Build | Town Center |
| 34:28 | Create | Villager (Male) |
Build order — [BERBA] Breakthrough!
First 150 of 419 actions detected
| 0:08 | Build | Town Center |
| 0:16 | Build | Dock |
| 0:20 | Build | House |
| 2:30 | Create | Villager (Male) ×4 |
| 3:30 | Create | Fishing Ship |
| 3:59 | Create | Villager (Male) |
| 4:22 | Build | House |
| 4:32 | Create | Villager (Male) |
| 4:59 | Create | Villager (Male) |
| 5:07 | Build | House |
| 5:23 | Create | Villager (Male) |
| 5:39 | Create | Fishing Ship |
| 5:50 | Create | Villager (Male) |
| 6:12 | Create | Villager (Male) |
| 6:18 | Create | Villager (Male) |
| 6:23 | Build | House |
| 6:39 | Build | House |
| 6:52 | Create | Fishing Ship |
| 6:54 | Create | Villager (Male) |
| 7:11 | Create | Villager (Male) |
| 7:20 | Build | House |
| 7:32 | Create | Fishing Ship |
| 7:46 | Create | Villager (Male) |
| 8:08 | Build | House |
| 8:13 | Build | House |
| 8:21 | Create | Villager (Male) |
| 8:24 | Create | Fishing Ship |
| 8:34 | Create | Villager (Male) |
| 8:42 | Build | Mill |
| 9:07 | Research | Loom |
| 9:31 | Research | Feudal Age |
| 9:48 | Build | Mining Camp |
| 10:14 | Build | Dock |
| 10:39 | Build | House |
| 11:19 | Build | Lumber Camp |
| 11:27 | Create | Villager (Male) |
| 11:46 | Age | Feudal Age |
| 11:47 | Create | Unit 2626 |
| 11:49 | Create | Unit 2626 |
| 11:51 | Create | Villager (Male) |
| 11:58 | Research | Double-Bit Axe |
| 12:17 | Create | Villager (Male) |
| 12:31 | Create | Unit 2626 |
| 12:38 | Create | Villager (Male) |
| 12:41 | Build | House |
| 12:46 | Create | Unit 2626 |
| 13:25 | Create | Villager (Male) |
| 13:31 | Build | Market |
| 13:44 | Build | Pasture |
| 13:50 | Create | Villager (Male) |
| 14:07 | Create | Villager (Male) |
| 14:22 | Build | Blacksmith |
| 14:40 | Create | Villager (Male) |
| 14:42 | Build | Pasture |
| 14:53 | Build | House |
| 15:12 | Create | Unit 2626 |
| 15:14 | Create | Villager (Male) |
| 15:27 | Create | Unit 2626 |
| 15:28 | Create | Villager (Male) |
| 16:21 | Research | Castle Age |
| 16:25 | Create | Unit 2626 |
| 16:25 | Create | Unit 2626 |
| 16:29 | Build | House |
| 16:49 | Build | House |
| 16:50 | Build | House |
| 17:00 | Create | Unit 2626 |
| 17:01 | Create | Unit 2626 |
| 17:25 | Research | Gold Mining |
| 17:34 | Research | Tech 1014 |
| 18:11 | Create | Unit 2626 |
| 18:24 | Research | Forging |
| 19:01 | Age | Castle Age |
| 19:05 | Research | War Galley (upgrade) |
| 19:06 | Create | Villager (Male) |
| 19:13 | Create | Villager (Male) |
| 19:28 | Create | Unit 2626 |
| 19:29 | Create | Unit 2626 |
| 19:37 | Create | Villager (Male) |
| 19:57 | Build | Dock |
| 20:10 | Create | Villager (Male) |
| 20:20 | Build | Town Center |
| 20:26 | Create | Villager (Male) |
| 20:39 | Create | Fire Galley |
| 20:42 | Create | Fire Galley |
| 20:49 | Create | Villager (Male) |
| 20:50 | Create | Villager (Male) |
| 21:12 | Create | Fire Galley |
| 21:12 | Create | Fire Galley |
| 21:13 | Create | Fire Galley |
| 21:14 | Create | Villager (Male) |
| 21:16 | Build | House |
| 21:17 | Build | House |
| 21:34 | Create | Fire Galley |
| 21:42 | Build | House |
| 21:43 | Create | Villager (Male) |
| 21:52 | Create | Villager (Male) |
| 22:09 | Research | Wheelbarrow |
| 22:21 | Create | Villager (Male) |
| 22:21 | Create | Villager (Male) |
| 22:33 | Build | Town Center |
| 22:36 | Create | Villager (Male) |
| 22:36 | Create | Villager (Male) |
| 22:42 | Research | Tech 905 |
| 22:44 | Create | Villager (Male) |
| 22:56 | Create | Fishing Ship |
| 22:57 | Create | Fishing Ship |
| 23:02 | Create | Fishing Ship |
| 23:02 | Create | Fishing Ship |
| 23:11 | Create | Villager (Male) |
| 23:16 | Build | House |
| 23:17 | Build | House |
| 23:38 | Create | Fire Galley |
| 23:38 | Create | Fire Galley |
| 23:40 | Create | Villager (Male) |
| 23:53 | Create | Villager (Male) |
| 24:00 | Create | Villager (Male) |
| 24:02 | Build | Pasture |
| 24:04 | Build | Pasture |
| 24:11 | Create | Galley |
| 24:29 | Create | Villager (Male) |
| 24:30 | Research | Hand Cart |
| 24:35 | Build | Lumber Camp |
| 24:40 | Create | Villager (Male) |
| 25:01 | Create | Villager (Male) |
| 25:10 | Create | Villager (Male) |
| 25:18 | Build | Pasture |
| 25:22 | Build | Pasture |
| 25:32 | Build | Pasture |
| 25:47 | Create | Villager (Male) |
| 25:52 | Build | Pasture |
| 25:57 | Create | Villager (Male) |
| 25:57 | Create | Villager (Male) |
| 26:00 | Build | House |
| 26:01 | Build | House |
| 26:02 | Create | Villager (Male) |
| 26:11 | Build | Pasture |
| 26:13 | Create | Villager (Male) |
| 26:17 | Build | Pasture |
| 26:25 | Build | Pasture |
| 26:26 | Create | Villager (Male) |
| 26:31 | Create | Villager (Male) |
| 26:39 | Create | Villager (Male) |
| 26:39 | Create | Villager (Male) |
| 26:45 | Build | Pasture |
| 26:47 | Create | Villager (Male) |
| 26:54 | Create | Villager (Male) |
| 26:54 | Create | Villager (Male) |
| 26:57 | Build | Pasture |
| 26:59 | Create | Villager (Male) |
| 27:03 | Build | House |
Build order — Murador
First 150 of 796 actions detected
| 0:03 | Build | Town Center |
| 0:53 | Build | Dock |
| 0:58 | Build | House |
| 2:30 | Create | Villager (Male) |
| 2:30 | Create | Villager (Male) |
| 2:30 | Create | Villager (Male) |
| 2:31 | Create | Villager (Male) |
| 2:31 | Create | Villager (Male) |
| 3:32 | Create | Fishing Ship |
| 4:10 | Create | Villager (Male) |
| 4:20 | Build | House |
| 4:41 | Create | Villager (Male) |
| 5:02 | Create | Villager (Male) |
| 5:21 | Create | Villager (Male) |
| 5:42 | Create | Fishing Ship |
| 5:42 | Create | Fishing Ship |
| 5:45 | Create | Villager (Male) |
| 6:01 | Build | House |
| 6:04 | Build | Palisade Wall |
| 6:11 | Create | Villager (Male) |
| 6:38 | Create | Fishing Ship |
| 6:41 | Create | Villager (Male) |
| 7:15 | Create | Villager (Male) |
| 7:16 | Create | Fishing Ship |
| 7:38 | Build | House |
| 7:40 | Create | Villager (Male) |
| 7:56 | Create | Villager (Male) |
| 8:16 | Create | Fishing Ship |
| 8:23 | Create | Villager (Male) |
| 8:33 | Create | Fishing Ship |
| 8:34 | Create | Villager (Male) |
| 8:54 | Build | House |
| 9:05 | Create | Villager (Male) |
| 9:06 | Create | Fishing Ship |
| 9:28 | Create | Villager (Male) |
| 9:43 | Build | Lumber Camp |
| 10:00 | Create | Villager (Male) |
| 10:12 | Create | Fishing Ship |
| 10:34 | Create | Fishing Ship |
| 10:38 | Create | Villager (Male) |
| 10:45 | Research | Loom |
| 10:46 | Create | Villager (Male) |
| 10:47 | Create | Villager (Male) |
| 10:59 | Research | Feudal Age |
| 10:59 | Research | Feudal Age |
| 11:06 | Build | House |
| 11:07 | Build | House |
| 11:20 | Build | Mill |
| 11:37 | Build | Dock |
| 11:44 | Create | Fishing Ship |
| 11:55 | Research | Loom |
| 12:09 | Build | House |
| 12:11 | Build | Palisade Wall |
| 12:12 | Build | Palisade Wall |
| 12:45 | Build | Mining Camp |
| 12:59 | Create | Fishing Ship |
| 12:59 | Create | Fishing Ship |
| 13:04 | Create | Villager (Male) |
| 13:09 | Age | Feudal Age |
| 13:13 | Create | Villager (Male) |
| 13:14 | Research | Double-Bit Axe |
| 13:28 | Build | Palisade Wall |
| 13:32 | Build | House |
| 13:36 | Build | Palisade Wall |
| 13:42 | Build | House |
| 13:45 | Build | House |
| 13:50 | Create | Villager (Male) |
| 13:59 | Build | House |
| 14:07 | Create | Fishing Ship |
| 14:07 | Create | Fishing Ship |
| 14:07 | Create | Fishing Ship |
| 14:19 | Build | Dock |
| 14:25 | Create | Villager (Male) |
| 14:29 | Build | House |
| 14:33 | Build | Palisade Wall |
| 14:41 | Research | Gold Mining |
| 14:43 | Create | Fishing Ship |
| 14:44 | Create | Villager (Male) |
| 15:00 | Build | House |
| 15:08 | Create | Fishing Ship |
| 15:24 | Create | Fishing Ship |
| 15:31 | Create | Villager (Male) |
| 15:46 | Research | Tech 906 |
| 15:46 | Research | Tech 906 |
| 16:02 | Create | Villager (Male) |
| 16:08 | Build | Dock |
| 16:21 | Create | Villager (Male) |
| 16:26 | Create | Villager (Male) |
| 16:38 | Build | House |
| 16:42 | Build | Market |
| 16:56 | Create | Villager (Male) |
| 17:04 | Research | Town Watch |
| 17:08 | Build | Blacksmith |
| 17:35 | Create | Galley |
| 17:35 | Create | Galley |
| 17:42 | Research | Castle Age |
| 17:42 | Research | Castle Age |
| 17:47 | Create | Galley |
| 17:47 | Create | Galley |
| 17:57 | Research | Stone Mining |
| 18:03 | Research | Horse Collar |
| 18:03 | Research | Horse Collar |
| 18:15 | Create | Galley |
| 18:15 | Create | Galley |
| 18:18 | Research | Fletching |
| 18:19 | Create | Villager (Male) |
| 18:20 | Create | Villager (Male) |
| 18:39 | Research | Wheelbarrow |
| 18:39 | Research | Wheelbarrow |
| 18:48 | Create | Galley |
| 18:48 | Create | Galley |
| 18:48 | Create | Galley |
| 18:58 | Create | Galley |
| 19:06 | Create | Villager (Male) |
| 19:08 | Create | Villager (Male) |
| 19:33 | Create | Galley |
| 19:34 | Create | Galley |
| 19:34 | Create | Galley |
| 20:11 | Create | Galley |
| 20:12 | Create | Galley |
| 20:24 | Age | Castle Age |
| 20:29 | Research | War Galley (upgrade) |
| 20:31 | Research | Bodkin Arrow |
| 20:40 | Create | Villager (Male) |
| 20:43 | Build | University |
| 20:47 | Build | Town Center |
| 21:05 | Create | Villager (Male) |
| 21:06 | Create | Villager (Male) |
| 21:16 | Build | Town Center |
| 21:20 | Research | Bow Saw |
| 21:20 | Research | Bow Saw |
| 21:46 | Build | Dock |
| 21:47 | Create | Fishing Ship |
| 22:02 | Create | Galley |
| 22:04 | Create | Galley |
| 22:04 | Create | Galley |
| 22:07 | Create | Villager (Male) |
| 22:07 | Create | Villager (Male) |
| 22:19 | Research | Heavy Plow |
| 22:20 | Research | Heavy Plow |
| 22:34 | Create | Unit 2626 |
| 22:52 | Create | Unit 2626 |
| 22:53 | Create | Unit 2626 |
| 22:55 | Create | Villager (Male) |
| 22:55 | Create | Villager (Male) |
| 23:00 | Build | Lumber Camp |
| 23:02 | Build | Farm |
| 23:11 | Build | Farm |
| 23:11 | Build | Farm |
| 23:11 | Build | Farm |
Match timeline
| 0:16 | [BERBA] Breakthrough! · first_building Dock |
| 0:31 | Lharien · first_building Dock |
| 0:42 | Lharien · wall_segment Palisade Wall x1 |
| 0:42 | Lharien · wall_segment Palisade Wall x1 |
| 0:53 | Murador · first_building Dock |
| 1:21 | [BERBA] OPENGEIGER · first_building Dock |
| 1:25 | [BERBA] Biraktyr · first_building Dock |
| 1:33 | since1783 · first_building Dock |
| 6:04 | Murador · wall_segment Palisade Wall x1 |
| 11:46 | [BERBA] Breakthrough! · age_up feudal |
| 12:07 | since1783 · wall_segment Palisade Wall x1 |
| 12:09 | since1783 · wall_segment Palisade Wall x1 |
| 12:10 | since1783 · wall_segment Palisade Wall x1 |
| 12:11 | Murador · wall_segment Palisade Wall x1 |
| 12:12 | Lharien · wall_segment Palisade Wall x5 |
| 12:12 | Murador · wall_segment Palisade Wall x1 |
| 12:14 | Lharien · wall_segment Palisade Wall x1 |
| 12:19 | Lharien · wall_segment Palisade Wall x6 |
| 12:23 | Lharien · wall_segment Palisade Wall x1 |
| 12:24 | Lharien · wall_segment Palisade Wall x1 |
| 12:31 | since1783 · first_building Barracks |
| 12:43 | [BERBA] OPENGEIGER · age_up feudal |
| 12:52 | Lharien · wall_segment Palisade Wall x7 |
| 12:58 | Lharien · wall_segment Palisade Wall x6 |
| 13:09 | Murador · age_up feudal |
| 13:22 | Lharien · age_up feudal |
| 13:28 | Murador · wall_segment Palisade Wall x1 |
| 13:36 | Murador · wall_segment Palisade Wall x1 |
| 13:58 | since1783 · age_up feudal |
| 14:05 | since1783 · first_building Archery Range |
| 14:29 | [BERBA] Biraktyr · age_up feudal |
| 14:33 | Murador · wall_segment Palisade Wall x4 |
| 14:33 | Lharien · wall_segment Palisade Wall x3 |
| 16:27 | [BERBA] Biraktyr · first_market_buy 100 food |
| 16:28 | [BERBA] Biraktyr · first_market_sell 100 stone |
| 16:45 | [BERBA] OPENGEIGER · age_up castle |
| 16:58 | [BERBA] OPENGEIGER · first_building Castle |
| 17:17 | Lharien · age_up castle |
| 17:43 | Lharien · first_building Castle |
| 18:02 | Lharien · first_market_sell 100 food |
| 18:05 | since1783 · age_up castle |
| 19:01 | [BERBA] Breakthrough! · age_up castle |
| 19:04 | since1783 · first_market_sell 100 stone |
| 19:27 | [BERBA] Biraktyr · age_up castle |
| 19:32 | [BERBA] Biraktyr · first_building Castle |
| 20:16 | [BERBA] Breakthrough! · first_market_buy 100 wood |
| 20:24 | Murador · age_up castle |
| 21:09 | [BERBA] Breakthrough! · first_market_sell 100 food |
| 21:53 | Murador · first_market_sell 100 food |
| 21:54 | Murador · first_market_buy 100 wood |
| 22:48 | [BERBA] OPENGEIGER · first_market_buy 100 food |
| 22:54 | since1783 · first_market_buy 100 wood |
| 24:19 | Lharien · first_building Barracks |
| 24:54 | [BERBA] OPENGEIGER · first_building Siege Workshop |
| 25:02 | [BERBA] Biraktyr · first_building Siege Workshop |
| 25:44 | Lharien · first_building Stable |
| 27:07 | Lharien · first_market_buy 100 food |
| 27:35 | [BERBA] OPENGEIGER · first_market_sell 100 wood |
| 27:43 | [BERBA] Breakthrough! · first_building Barracks |
| 28:05 | Murador · first_building Castle |
| 28:25 | [BERBA] Breakthrough! · first_building Archery Range |
| 28:32 | [BERBA] Breakthrough! · first_building Stable |
| 29:13 | [BERBA] Breakthrough! · first_building Castle |
| 29:24 | [BERBA] Biraktyr · first_building Barracks |
| 30:04 | Murador · first_building Barracks |
| 30:24 | Lharien · first_building Archery Range |
| 31:27 | [BERBA] Biraktyr · first_building Stable |
| 31:34 | Murador · first_building Stable |
| 33:50 | [BERBA] Breakthrough! · first_building Siege Workshop |
| 34:21 | Murador · age_up imperial |
| 35:56 | [BERBA] Breakthrough! · age_up imperial |
| 36:27 | Murador · first_building Siege Workshop |
| 36:42 | Lharien · age_up imperial |
| 38:47 | [BERBA] OPENGEIGER · wall_segment Palisade Wall x1 |
| 38:49 | [BERBA] OPENGEIGER · wall_segment Palisade Wall x1 |
| 39:03 | [BERBA] OPENGEIGER · wall_segment Palisade Wall x1 |
| 39:04 | [BERBA] OPENGEIGER · wall_segment Palisade Wall x1 |
| 41:33 | since1783 · first_building Castle |
| 46:10 | since1783 · age_up imperial |
| 46:40 | [BERBA] OPENGEIGER · wall_segment Palisade Wall x1 |
| 46:46 | since1783 · first_building Stable |
| 49:36 | [BERBA] Breakthrough! · resign |
| 52:54 | Murador · first_building Monastery |
[ AI ANALYSIS · 1 CREDIT ]
What really happened in this match?
Wolo.gg analyzes every decision: build order, eco, micro, common mistakes by bracket. Personalized analysis on WhatsApp or Discord in 30 seconds.
Civ guide
Spanish
Perfil
Jugador #6674970